Map: Orbital Shipyard

Players

Serral

  • Race: Zerg Zerg
  • League: Grandmaster

Lambo - Winner!

  • Race: Zerg Zerg
  • League: Grandmaster

Event: 2016 WCS Winter Challenger Europe

VOD

Have the link to the VOD?

Description

Time

  • Played on: Feb. 13, 2016, 1:04 p.m.
  • Length: 3:21

All games in this series

Show
View Real Time Build Order
Export as new Build Order

Serral Zerg 

Build Orders: Hatch First 

Get SALT Encoding   

  12  0:00  Drone  
  13  0:12  Overlord  
  13  0:17  Drone  
  14  0:30  Drone  
  14  0:31  Drone  
  14  0:35  Drone  
  17  0:53  Hatchery  
  17  0:55  Drone  
  17  0:57  Drone  
  17  1:01  Extractor  
  17  1:13  Spawning Pool  
  17  1:16  Drone  
  17  1:19  Drone  
  18  1:28  Drone  
  19  1:38  Overlord  
  19  1:59  Queen  
  19  2:00  Zergling x4  
  23  2:05  Queen  
  23  2:07  Drone  
  26  2:10  Drone  
  27  2:16  Drone  
  28  2:23  Baneling Nest  
  28  2:24  Drone  
  28  2:30  Drone  
  28  2:32  Zergling x2  
  30  2:38  Drone  
  31  2:45  Zergling x2  
  31  2:49  Zergling x2  
  31  2:50  Evolution Chamber  
  32  2:55  Evolution Chamber  
  32  2:56  Zergling x2  
  32  3:01  Zergling x2  
Show
View Real Time Build Order
Export as new Build Order

Lambo Zerg - Winner!

Build Orders: Pool Only 

Get SALT Encoding   

  12  0:01  Drone  
  14  0:14  Drone  
  14  0:15  Extractor  
  13  0:29  Spawning Pool  
  13  0:32  Drone  
  13  0:36  Drone  
  14  0:45  Overlord  
  14  0:53  Extractor  
  14  0:54  Drone  
  15  1:15  Queen  
  15  1:16  Zergling x2  
  15  1:18  Metabolic Boost  
  18  1:23  Zergling x2  
  19  1:30  Zergling x2  
  20  1:37  Baneling Nest  
  19  1:45  Zergling x2  
  20  1:48  Overlord  
  20  1:55  Zergling x2  
  20  2:01  Zergling x2  
  22  2:22  Zergling x4  
  24  2:25  Zergling x6  
  27  2:40  Zergling x2  
  28  2:50  Baneling x4  
  28  2:55  Zergling x4  
  28  2:57  Overlord  
  30  3:02  Baneling x2  
Tags
 
Add a new tag
Caveats
  • Supply blocks, unpowered buildings, or Contaminate may cause inaccurate times.
  • Supply counts are checked every 10 seconds.